 Dungeon Crawl Stone Soup version 0.23-a0-375-g66a18ee (webtiles) character file.

289 Cryolive the Digger (level 6, -7/34 HPs)
             Began as a Gargoyle Earth Elementalist on Oct 26, 2018.
             Was a Follower of Vehumet.
             Mangled by an ogre
             ... wielding a +0 giant club
              (21 damage)
             ... on level 4 of the Dungeon.
             The game lasted 00:11:53 (3014 turns).

Cryolive the Digger (Gargoyle Earth Elementalist)   Turns: 3014, Time: 00:11:53

Health: -7/34      AC:  7    Str: 12    XL:     6   Next: 31%
Magic:  0/11       EV: 12    Int: 17    God:    Vehumet [*.....]
Gold:   128        SH:  2    Dex: 10    Spells: 3/12 levels left

rFire    . . .     SeeInvis .   a - +0 short sword
rCold    . . .     Gourm    .   (no shield)
rNeg     + . .     Faith    .   c - +0 robe
rPois    ∞         Spirit   .   q - +0 helmet
rElec    +         Reflect  +   (no cloak)
rCorr    .         Harm     .   (no gloves)
MR       .....                  (no boots)
Stlth    ++........             j - +2 amulet of reflection
HPRegen  0.11/turn              (no ring)
MPRegen  0.12/turn              (no ring)

@: no status effects
A: negative energy resistance 1, electricity resistance, unbreathing,
petrification resistance, rot immunity, AC +4
a: Renounce Religion


You were on level 4 of the Dungeon.
You worshipped Vehumet.
Vehumet was aware of your devotion.
You were not hungry.

You visited 1 branch of the dungeon, and saw 4 of its levels.

You collected 128 gold pieces.

Inventory:

Hand Weapons
 a - a +0 short sword (weapon)
 p - a +1 battleaxe of flaming
Missiles
 b - 98 stones (quivered)
 m - 6 javelins of returning
Armour
 c - a +0 robe (worn)
 q - a +0 helmet (worn)
Jewellery
 j - a +2 amulet of reflection (around neck)
Wands
 r - a wand of flame (11)
Scrolls
 f - 3 scrolls of remove curse {unknown}
 g - a scroll of enchant armour {unknown}
 h - 4 scrolls of teleportation {unknown}
 i - 4 scrolls of fear {unknown}
 k - 2 scrolls of magic mapping {unknown}
 l - a scroll of identify {unknown}
Potions
 e - 3 potions of curing {unknown}
 n - a potion of degeneration {unknown}
Comestibles
 d - 3 rations
 o - 3 chunks of flesh


   Skills:
 + Level 1.0 Fighting
 + Level 1.1 Armour
 + Level 1.9 Dodging
 - Level 2.1 Stealth
 + Level 3.7 Spellcasting
 + Level 2.7 Conjurations
   Level 0.7 Transmutations
 + Level 5.6 Earth Magic


You had 3 spell levels left.
You knew the following spells:

 Your Spells              Type           Power        Failure   Level  Hunger
a - Sandblast             Erth           ###...       1%          1    None
b - Stone Arrow           Conj/Erth      ###...       9%          3    ###....
c - Lee's Rapid Deconstr  Erth           ###.......   41%         5    ######.

Your spell library contained the following spells:

 Spells                   Type           Power        Failure   Level  Hunger
 Sting                    Conj/Pois      #...         10%         1    None
 Passwall                 Tmut/Erth      ##......     7%          2    ##.....
 Petrify                  Tmut/Erth      ##......     41%         4    ####...


Dungeon Overview and Level Annotations

Branches:
Dungeon (4/15)
 Temple: D:4-7

Altars:
Kikubaaqudgha
Makhleb
Uskayaw
Vehumet


Innate Abilities, Weirdness & Mutations

You are resistant to torment.
Your stone body is resilient. (AC +4)
You are immune to poison.
You resist negative energy. (rN+)
You are resistant to electric shocks. (rElec)
You can survive without breathing.
You are immune to petrification.
You are immune to rotting.


Message History

Ouch! That really hurt!
A jackal comes into view.
A jackal comes into view.
You block the jackal's attack.
There is a stone staircase leading up here.
Casting: Sandblast (safe; 1% risk of failure)
Confirm with . or Enter, or press ? or * to list all spells.
Aiming: Sandblast (safe; 1% risk of failure)
Press: ? - help, Shift-Dir - straight line, f/p - ogre
Aim: an ogre, wielding a +0 giant club (almost dead)
The blast of sand misses the ogre.
b - 98 stones The jackal bites you but does no damage.
The ogre closely misses you.
The jackal bites you but does no damage.
You hit the ogre but do no damage.
The ogre is almost dead.
The ogre hits you with a +0 giant club!!
Ouch! That really hurt!
You die...

####### .. ## #.....#
.# ..##.....## ###.#
#.........###...#
..h.h.....##....#
#.........##...#
...............#
#..........#...#
............O@.#
#...........h.#.....+
..............#.#####
..........).....#
#####...##....#...#
#.#..+....#.#.#
#.#.##....... #
..#'##...##.##
..........# .#


You could see an ogre and a jackal.

Vanquished Creatures
  An iguana (D:3)
  Terence (D:2)
  Natasha (thrice) (D:3)
  A worker ant (D:4)
  Robin (D:3)
  5 adders
  3 worms (D:2)
  2 dart slugs
  3 orcs (D:3)
  4 bats (D:2)
  10 giant cockroaches (D:3)
  14 hobgoblins
  3 kobolds
  A ball python (D:1)
  2 frilled lizards
  12 goblins
  5 rats
71 creatures vanquished.

Notes
Turn   | Place    | Note
-------+----------+-------------------------------------------
     0 | D:1      | Cryolive the Gargoyle Earth Elementalist began the quest
                  | for the Orb.
     0 | D:1      | Reached XP level 1. HP: 10/10 MP: 3/3
   312 | D:1      | Reached XP level 2. HP: 6/15 MP: 5/5
   341 | D:1      | Reached skill level 4 in Earth Magic
   734 | D:2      | Noticed Terence
   932 | D:2      | Reached XP level 3. HP: 11/19 MP: 6/6
  1233 | D:2      | Learned a level 3 spell: Stone Arrow
  1317 | D:2      | Found a radiant altar of Vehumet.
  1318 | D:2      | Found a burning altar of Makhleb.
  1344 | D:2      | Became a worshipper of Vehumet
  1647 | D:2      | Reached skill level 1 in Conjurations
  1647 | D:2      | Reached XP level 4. HP: 20/24 MP: 6/8
  1715 | D:2      | Killed Terence
  1715 | D:2      | Reached skill level 5 in Earth Magic
  1898 | D:2      | Found a hide-covered altar of Uskayaw.
  2015 | D:3      | Reached XP level 5. HP: 18/28 MP: 5/9
  2044 | D:3      | Found an ancient bone altar of Kikubaaqudgha.
  2104 | D:3      | Noticed Natasha
  2118 | D:3      | Killed Natasha
  2405 | D:3      | Noticed Robin
  2567 | D:3      | Learned a level 5 spell: Lee's Rapid Deconstruction
  2621 | D:3      | Reached * piety under Vehumet
  2621 | D:3      | Offered knowledge of Sting by Vehumet.
  2646 | D:3      | Killed Robin
  2712 | D:3      | Noticed Natasha
  2719 | D:3      | Killed Natasha
  2719 | D:3      | Reached XP level 6. HP: 26/33 MP: 1/11
  2826 | D:3      | Noticed Natasha
  2836 | D:3      | Killed Natasha
  2836 | D:3      | Reached skill level 1 in Fighting
  2988 | D:4      | Reached skill level 1 in Armour
  3014 | D:4      | Mangled by an ogre

Vault maps used:
D:1:      evilmike_arrival_rings
D:2:      grunt_temple_overflow_open, lemuel_round_altar, uniq_terence
D:3:      minmay_roachtagon, kiku_gazebo_garden_becter, uniq_natasha, uniq_robin
D:4:      nicolae_overflow_hidden_temple, serial_shops, shop, serial_glass,
          glass_columns_a, glass_columns_c, first_ration

Skill      XL: |  1  2  3  4  5  6 |
---------------+-------------------+-----
Earth Magic    | 4 5 |  5.6
Spellcasting   | 3 |  3.7
Conjurations   | 1 2 |  2.7
Fighting       | 1 |  1.0
Armour         | 1 |  1.1
Dodging        | |  1.9
Stealth        | |  2.1
Transmutations | |  0.7

Action                   |  1- 3 |  4- 6 || total
-------------------------+-------+-------++-------
Melee: Short sword       |   110 |   161 ||   271
 Cast: Sandblast         |    17 |    39 ||    56
       Stone Arrow       |       |    12 ||    12
 Stab: Sleeping          |     4 |       ||     4
  Eat: Chunk             |     1 |     4 ||     5
       Ration            |     1 |       ||     1
Armor: Robe              |    37 |    61 ||    98
Dodge: Dodged            |    67 |   123 ||   190
Block: Other             |     6 |    13 ||    19

Table legend:
 A = Non-vault XP
 B = Vault XP
 C = Vault XP percentage of total XP
 D = Non-vault monster count
 E = Vault monster count
 F = Vault count percentage of total count
                 A         B        C        D         E       F
            +---------+---------+-------+---------+---------+-------
      Total |     283 |     130 |  31.5 |      46 |      25 |  35.2
            +---------+---------+-------+---------+---------+-------
        D:1 |      13 |       0 |   0.0 |       8 |       0 |   0.0
        D:2 |      95 |      36 |  27.5 |      22 |       1 |   4.3
        D:3 |     141 |      94 |  40.0 |      15 |      24 |  61.5
        D:4 |      34 |       0 |   0.0 |       1 |       0 |   0.0
            +---------+---------+-------+---------+---------+-------
